 Dungeon Crawl Stone Soup version 0.27-a0-1193-g8631133539 (webtiles) character file.

Game seed: 1559929840810774529

70 Delamore the Skirmisher (level 4, -3/29 HPs)
             Began as a Gargoyle Fighter on May 25, 2021.
             Splashed by a jelly's acid (11 damage)
             ... on level 3 of the Dungeon.
             The game lasted 00:01:22 (2481 turns).

Delamore the Skirmisher (Gargoyle Fighter)          Turns: 2481, Time: 00:01:23

Health: -3/29      AC:  3    Str: 20    XL:     4   Next: 21%
Magic:  4/4        EV:  9    Int:  9    God:
Gold:   145        SH:  0    Dex:  9    Spells: 3/3 levels left

rFire    . . .     SeeInvis .   a - +0 flail
rCold    . . .     Faith    .   (no shield)
rNeg     + . .     Spirit   .   b - +0 scale mail
rPois    ∞         Reflect  .   (no helmet)
rElec    +         Harm     .   (no cloak)
rCorr    .         Rampage  .   i - +0 pair of gloves
Will     .....                  (no boots)
Stlth    ..........             (no amulet)
HPRegen  0.09/turn              (no ring)
MPRegen  0.09/turn              (no ring)

@: corroded
A: sickness immunity, AC +3, negative energy resistance 1, electricity
resistance, torment resistance 1, petrification resistance
a: no special abilities


You were on level 3 of the Dungeon.
You visited 1 branch of the dungeon, and saw 3 of its levels.

You collected 145 gold pieces.

Inventory:

Hand Weapons
 a - a +0 flail (weapon)
Missiles
 q - 8 boomerangs (quivered)
Armour
 b - a +0 scale mail (worn)
 c - a +0 kite shield
 i - a +0 pair of gloves (worn)
Scrolls
 e - a scroll of summoning {unknown}
 f - a scroll of noise {unknown}
 g - a scroll of vulnerability {unknown}
 k - 2 scrolls of fog {unknown}
 m - a scroll of identify {unknown}
 o - a scroll of teleportation {unknown}
Potions
 d - 4 potions of might
 h - 2 potions of brilliance {unknown}
 j - 2 potions of curing {unknown}
 l - 2 potions of flight {unknown}
 n - 2 potions of haste {unknown}
 p - a potion of lignification {unknown}


   Skills:
 + Level 3.9 Fighting
 * Level 3.3 Maces & Flails
 + Level 3.7 Armour
 - Level 3.4 Shields


You had 3 spell levels left.
You didn't know any spells.
Your spell library was empty.

Dungeon Overview and Level Annotations

Branches:
Dungeon (3/15)

Altars:


Innate Abilities, Weirdness & Mutations

You are immune to sickness and miasma.
Your stone body is resilient. (AC +3)
You are immune to poison.
You resist negative energy. (rN+)
You are resistant to electric shocks. (rElec)
You are resistant to unholy torment.
You are immune to petrification.


Message History

No target in view!
You open the door.
There is an open door here.
You open the door.
There is an open door here.
A jelly comes into view.
A jelly is nearby!
A jelly is nearby!
A jelly is nearby!
The jelly quivers.
You hit the jelly.
Your hands burn!
The jelly is lightly wounded.
The jelly hits you but does no damage. The jelly barely misses you.
You hit the jelly.
Your hands burn!
The jelly is lightly wounded.
The jelly hits you. The acid corrodes you!
You are splashed with acid!
You hit the jelly.
Your hands burn!
The jelly is moderately wounded.
The jelly barely misses you.
You are too injured to fight recklessly!
You are too injured to fight recklessly!
You are too injured to fight recklessly!
You are too injured to fight recklessly!
You are too injured to fight recklessly!
You are too injured to fight recklessly!
You are too injured to fight recklessly!
You are too injured to fight recklessly!
You are too injured to fight recklessly!
You are too injured to fight recklessly!
You are too injured to fight recklessly!
A jelly is nearby!
You hit the jelly.
Your hands burn!
The jelly is severely wounded.
The jelly hits you but does no damage.
You completely miss the jelly.
The jelly is severely wounded.
The jelly hits you.
* * * LOW HITPOINT WARNING * * *
The acid corrodes you!
You are splashed with acid!
You die...

# # # # # #### # #...
######.# ###.##
#...@J.# ......
##.###############.##
#.# #.......###.##
#.# #.........#.##
#.# #.......#.#.##
#.# #.......#'#...
#.# ###...........
#.#####...........).
#.....'.............


You could see a jelly.

Vanquished Creatures
  4 adders
  2 worms
  5 dart slugs
  2 goblins
  A hobgoblin (D:3)
  2 quokkas
  2 ball pythons
  A frilled lizard (D:2)
  2 kobolds
  2 rats
23 creatures vanquished.

Notes
Turn   | Place    | Note
-------+----------+-------------------------------------------
     0 | D:1      | Delamore the Gargoyle Fighter began the quest for the Orb.
     0 | D:1      | Reached XP level 1. HP: 14/14 MP: 1/1
   495 | D:1      | Reached XP level 2. HP: 17/19 MP: 2/2
  1204 | D:2      | Reached XP level 3. HP: 21/23 MP: 3/3
  1808 | D:2      | Found a faded altar of an unknown god.
  2278 | D:3      | Reached XP level 4. HP: 29/29 MP: 4/4
  2481 | D:3      | Splashed by a jelly's acid

Illustrated notes

Levels and vault maps discovered:
D:1:      tarquinn_simple_flora_water_d, layout_basic
D:2:      layout_loops_ring, shapermc_ecumenical_altar_hornbeckon,
          chequers_serial_rivers_room_a, lightli_corner_chamber
D:3:      kennysheep_slugbush, layout_basic, slow_altar_2,
          minmay_misc_feat_hallway, uniq_jessica

Skill      XL: |  1  2  3 |
---------------+----------+-----
Maces & Flails | 3 |  3.3
Fighting       | |  3.9
Armour         | |  3.7
Shields        | |  3.4

Action                   |  1- 3 |  4- 6 || total
-------------------------+-------+-------++-------
Melee: Flail             |    94 |    21 ||   115
Armor: Scale mail        |    62 |    13 ||    75
Dodge: Dodged            |    55 |    15 ||    70
Block: Kite shield       |     5 |       ||     5

Table legend: (Time is in decaauts)
 A = Elapsed time spent in this place.
 B = Non-inter-level travel time spent in this place.
 C = Inter-level travel time spent in this place.
 D = Time resting spent in this place.
 E = Time spent auto-exploring this place.
 F = Levels seen in this place.
 G = Mean time per level.
                   A        B        C        D        E       F      G
               +--------+--------+--------+--------+--------+-----+--------+
         Total |   2525 |   2405 |    120 |    318 |   1818 |   3 |  841.7 |
       Dungeon |   2525 |   2405 |    120 |    318 |   1818 |   3 |  841.7 |
               +--------+--------+--------+--------+--------+-----+--------+

Top non-repeatable levels by time:
     D:2: 1384 daAuts
     D:1: 888 daAuts
     D:3: 252 daAuts
